 Dungeon Crawl Stone Soup version 0.25.1-2-g60ff931df9 (webtiles) character file.

Game seed: 762657182867878998

34 Descartes the Sneak (level 3, -1/24 HPs)
             Began as an Octopode Assassin on Aug 5, 2020.
             Slain by Sigmund
             ... wielding a +2 scythe of protection
              (13 damage)
             ... on level 2 of the Dungeon.
             The game lasted 00:03:14 (1030 turns).

Descartes the Sneak (Octopode Assassin)             Turns: 1030, Time: 00:03:14

Health: -1/24      AC:  1    Str: 10    XL:     3   Next: 31%
Magic:  3/3        EV: 13    Int: 13    God:
Gold:   40         SH:  0    Dex: 14    Spells: 2/2 levels left

rFire    . . .     SeeInvis .   a - +2 dagger (venom)
rCold    . . .     Gourm    .   (no shield)
rNeg     . . .     Faith    .   (helmet restricted)
rPois    .         Spirit   .   (no amulet)
rElec    .         Reflect  .   (no ring)
rCorr    .         Harm     .   (no ring)
MR       .....                  (no ring)
Stlth    ++........             (no ring)
HPRegen  0.08/turn              (no ring)
MPRegen  0.08/turn              (no ring)
                                (no ring)
                                (no ring)

@: confused
A: almost no armour, stealthy swim, amphibious, 8 rings, constrict 8, camouflage
1, gelatinous body 1
a: no special abilities


You were on level 2 of the Dungeon.
You were not hungry.

You visited 1 branch of the dungeon, and saw 2 of its levels.

You collected 40 gold pieces.

Inventory:

Hand Weapons
 a - a +2 dagger of venom (weapon)
 b - a +0 hunting sling
 e - a +2 dagger
Missiles
 c - 2 curare-tipped darts
 k - 50 stones
 l - 8 boomerangs
 n - 8 poisoned darts (quivered)
Scrolls
 h - a scroll of teleportation {unknown}
 m - a scroll of identify {unknown}
Potions
 g - 2 potions of resistance {unknown}
 i - a potion of ambrosia {unknown}
 j - a potion of might {unknown}
Comestibles
 d - 2 rations
 f - a chunk of flesh


   Skills:
 - Level 2.0 Fighting
 + Level 2.0 Short Blades
 + Level 2.0 Throwing
 - Level 1.0 Dodging
 + Level 6.9 Stealth


You had 2 spell levels left.
You didn't know any spells.
Your spell library was empty.

Dungeon Overview and Level Annotations

Branches:
Dungeon (2/15)

Altars:

Annotations:
D:2 Sigmund


Innate Abilities, Weirdness & Mutations

You cannot wear most types of armour.
You are very stealthy in the water. (Stealth+)
You are amphibious.
You can wear up to eight rings at the same time.
You can use your tentacles to constrict eight enemies at once.
Your skin changes colour to match your surroundings (Stealth+).
Your rubbery body absorbs attacks. (AC +1, EV +1)


Message History

The magic dart hits you!
You barely miss Sigmund.
You constrict Sigmund, but do no damage.
Sigmund barely misses you.
You hit Sigmund.
Sigmund is poisoned.
Sigmund is lightly wounded.
You constrict Sigmund, but do no damage.
You hit Sigmund.
Sigmund looks even sicker.
Sigmund is lightly wounded.
You constrict Sigmund.
Sigmund points at you and mumbles some strange words.
You are confused.
You bump into the rock wall.
You constrict Sigmund, but do no damage.
Sigmund gestures wildly while chanting.
Sigmund flickers and vanishes!
Deactivating autopickup; reactivate with Ctrl-A.
You hit something. You constrict something. Something hits you!
Ouch! That really hurt!
You die...

#.####.##.#
#.####.##.#
#.#.....).#
#.#.#####.# #.#.#
#.# #..[# #.# #
###.# #.# .# .#
#.#####.# ####.#..#.
#...<@{.###.†.......
####.##.>.÷.........
##.##.###.##.##...
##...#.# #.# #
#..#...# #.#
#.###..# #.#
#..#..## #.# ##...##
#.# ##### #.#


There were no monsters in sight!

Vanquished Creatures
  A dart slug (D:1)
  A leopard gecko (D:1)
  6 bats
  2 giant cockroaches (D:1)
  3 goblins
  A hobgoblin (D:1)
  4 jackals
  4 kobolds (D:1)
  2 frilled lizards (D:1)
  4 rats
28 creatures vanquished.

Notes
Turn   | Place    | Note
-------+----------+-------------------------------------------
     0 | D:1      | Descartes the Octopode Assassin began the quest for the
                  | Orb.
     0 | D:1      | Reached XP level 1. HP: 14/14 MP: 1/1
    68 | D:1      | Reached XP level 2. HP: 19/19 MP: 2/2
    73 | D:1      | Reached skill level 6 in Stealth
   518 | D:1      | Reached XP level 3. HP: 24/24 MP: 3/3
   597 | D:2      | Noticed Sigmund
  1030 | D:2      | Slain by Sigmund

Illustrated notes

Levels and vault maps discovered:
D:1:      dpeg_arrival_connections, layout_rooms
D:2:      layout_loops_ring, small_statue_intersection, elyvilon_altar_4,
          uniq_terence, uniq_sigmund

Skill      XL: |  1  2 |
---------------+-------+-----
Stealth        | 6 |  6.9
Fighting       | |  2.0
Short Blades   | |  2.0
Throwing       | |  2.0
Dodging        | |  1.0

Action                   || total
-------------------------++-------
Melee: Dagger            ||    52
       Constrict         ||    10
       Tentacles         ||     3
 Fire: Hunting sling     ||     1
  Use: Scroll            ||     1
 Stab: Sleeping          ||     9
       Distracted        ||     1
Armor: Skin              ||     1
Dodge: Dodged            ||    30
